[Event "CCT Julius Baer-D1 2024"]
[Site "Online"]
[Date "2024.09.28"]
[Round "51"]
[White "Erigaisi Arjun"]
[Black "Fedoseev, Vladimir"]
[Result "0-1"]
[ECO "D20"]
[WhiteElo "2778"]
[BlackElo "2692"]
[Annotator "RC"]
[PlyCount "112"]
[EventDate "2024.09.25"]
[EventType "swiss"]
[EventCountry "NET"]
[SourceTitle "playchess.com"]
[Source "ChessBase"]
[SourceQuality "1"]
[TimeControl "600+2"]

1. d4 d5 2. c4 e6 3. Nc3 dxc4 4. e4 c5 5. d5 exd5 6. Nxd5 Nf6 7. Bxc4 Nxd5 8. Bxd5 Be7 9. Ne2 O-O 10. O-O Nd7 11. Nc3 Nb6 12. Qf3 Bd6 13. Rd1 Nxd5 14. Nxd5 Qh4 15. Nf6+ Qxf6 16. Qxf6 gxf6 17. Rxd6 Be6 18. Be3 b6 19. a4 Rfd8 20. Rad1 Rxd6 21. Rxd6 Kf8 22. a5 Ke7 23. Rd1 Rc8 24. f3 Bb3 25. Ra1 b5 26. a6 Kd6 27. Kf2 Kc6 28. Rc1 c4 29. Bxa7 Ra8 30. Bd4 Rxa6 31. Bxf6 b4 32. g4 Kb5 33. g5 Ba2 34. Ke3 Ka4 35. f4 Kb3 36. f5 Rxf6 37. gxf6 Kxb2 38. Rg1 c3 39. e5 c2 40. e6 Bb3 41. Kd2 Bc4 42. Ke3 Bb3 43. Kd4 fxe6 44. Kc5 exf5 45. Kxb4 f4 46. Rg2 Bd5 47. Rf2 Kb1 48. Rf1+ c1=Q 49. Rxc1+ Kxc1 50. Kc5 f3 51. Kxd5 f2 52. Ke6 f1=Q 53. f7 Kd2 54. Ke7 Qe2+ 55. Kf6 Qxh2 56. Kg7 Qf4 0-1

[Event "CCT Julius Baer-D1 2024"]
[Site "Online"]
[Date "2024.09.28"]
[Round "51"]
[White "Nepomniachtchi, Ian"]
[Black "Vachier-Lagrave, Maxime"]
[Result "1/2-1/2"]
[ECO "B97"]
[WhiteElo "2755"]
[BlackElo "2731"]
[Annotator "TA"]
[PlyCount "72"]
[EventDate "2024.09.25"]
[EventType "swiss"]
[EventCountry "NET"]
[SourceTitle "playchess.com"]
[Source "ChessBase"]
[SourceQuality "1"]
[TimeControl "600+2"]

1. e4 c5 2. Nf3 d6 3. d4 cxd4 4. Nxd4 Nf6 5. Nc3 a6 6. Bg5 e6 7. f4 Qb6 8. Nb3 Nbd7 9. Qd2 Qc7 {[%emt 0:00:11] B97: Sicilian Najdorf: Poisoned Pawn.} 10. O-O-O b5 11. a3 Be7 12. Bd3 h6 13. h4 Bb7 14. Bxf6 Nxf6 (14... Bxf6 $6 15. Bxb5 Bxc3 (15... axb5 $2 16. Nxb5 Qb6 17. Nxd6+ Ke7 18. Nxb7 $18) 16. Bxd7+ Kxd7 17. Qxc3 Qxc3 18. bxc3 $11) 15. Kb1 $146 ({Predecessor:} 15. Rdg1 h5 16. Nd4 e5 17. Nf5 g6 18. Nxe7 Qxe7 19. f5 d5 20. exd5 Nxd5 21. Nxd5 Bxd5 22. fxg6 {1-0 Hernandez,R-Balam Maldonado,E Merida op 1997 (4)}) 15... h5 16. Nd4 (16. Rhe1 $11 {keeps the balance.}) 16... O-O $17 17. Nf3 Rab8 18. f5 (18. Rhe1 $17) 18... exf5 19. exf5 b4 20. axb4 Bxf3 21. gxf3 Rxb4 22. Rdg1 (22. Na2 {was called for.} Rb6 23. Qc3) 22... Rfb8 $19 23. Nd1 Nd5 24. c3 $2 (24. c4 Bf6 (24... Nf6 $2 25. Rh2 $19) 25. cxd5) 24... Rxb2+ $19 (24... Rxh4 25. Rxh4 Bxh4 26. Be4 $14) 25. Nxb2 Nxc3+ (25... Qxc3 26. Qxc3 Nxc3+ 27. Kc2 $18) 26. Kc1 Bf6 27. Nc4 d5 28. Qh6 dxc4 29. Qxf6 Qf4+ (29... cxd3 30. Qxg7#) 30. Kc2 cxd3+ 31. Kxc3 Rc8+ ({Not} 31... Qxf3 32. Qxg7#) (31... Qc7+ $142 32. Kd2 Qc2+ 33. Ke3 Re8+ 34. Qe6 fxe6 35. f6 Qc5+ 36. Ke4 Qf5+ 37. Ke3 Qxf6 38. Rf1 Rc8 39. Rc1 Rf8 40. Rhf1 Qf4+ (40... Qxh4 $2 41. Kxd3 Rd8+ 42. Ke2 $19) 41. Kf2 Qh2+ (41... Qxh4+ 42. Kg2 Rf6 43. Rg1 Rg6+ 44. Kf1 Rxg1+ 45. Kxg1 Qg5+ 46. Kh2 Qxc1 47. Kg3 d2 48. Kh3 d1=Q 49. Kh4 Qf4+ 50. Kxh5 Qfxf3+ 51. Kh4 Qg4#) (41... Qxf3+ {is a self mate.} 42. Kg1 d2 43. Rcd1 Qg3+ 44. Kh1 Rf3 45. Rxf3 Qxf3+ 46. Kh2 Qxd1 47. Kg2 Qe2+ 48. Kg3 d1=Q 49. Kf4 Qg4+ 50. Ke5 Qf5#) 42. Ke3 Qe2+ (42... Qxh4 43. Kxd3 Rd8+ 44. Ke2 Qh2+ 45. Rf2 Qf4 46. Rb1 Qf5 47. Ra1 Qe5+ 48. Kf1 Qxa1+ 49. Kg2 Rd1 50. Re2 Rh1 51. Kg3 Qd4 52. Re4 Rg1+ 53. Kh4 Qf2+ 54. Kxh5 Qxf3+ 55. Kh4 Qh1#) 43. Kd4 d2 (43... Rxf3 44. Rxf3 Qxf3 45. Rc8+ Kh7 46. Kc3 Qe3 47. Rd8 d2+ 48. Kc2 Qc5+ 49. Kd1 Qc1+ 50. Ke2 Qe1+ 51. Kf3 d1=N 52. Rxd1 Qxd1+ 53. Kg2 a5 54. Kf2 a4 55. Ke3 a3 56. Kf2 a2 57. Ke3 a1=Q 58. Kf4 Qg4+ 59. Ke3 Qad4#) 44. Rb1 Rc8 (44... Rxf3 45. Rxf3 Qxf3 46. Rb8+ Kh7 47. Rb1 e5+ 48. Kc4 e4 49. Rg1 Qd3+ 50. Kc5 Qe3+ 51. Kc6 Qxg1 52. Kd7 d1=Q+ 53. Kc8 Qc5+ 54. Kb7 Qd7+ 55. Kxa6 Qdc8#) 45. Rb4 Qxf1 46. Ke4 d1=Q (46... d1=R 47. Kf4 Rf8+ 48. Ke5 Qe1+ 49. Re4 Qa5+ 50. Kxe6 Re8#) 47. Rd4 Qfxf3+ (47... Qdxf3+ 48. Ke5 Qg3+ 49. Rf4 Qfxf4+ 50. Kxe6 Qf7#) 48. Ke5 Qf6+ 49. Ke4 Qfxd4#) 32. Kxd3 Qxf3+ 33. Kd2 Qf2+ 34. Kd3 Qf3+ 35. Kd2 Qf2+ 36. Kd3 Qf3+ $2 (36... Qc2+ {mates} 37. Ke3 Re8+ 38. Qe6 fxe6 39. f6 Qc3+ 40. Ke2 Qe5+ (40... Qxf6 {leads to mate.} 41. Rh3 Qb2+ 42. Kf3 Rd8 43. Re1 Rd2 44. Rh2 Qc3+ 45. Re3 Qf6+ 46. Kg3 Qg6+ 47. Kf4 Qg4+ 48. Ke5 Qf5#) 41. Kf3 Qxf6+ 42. Kg3 Rc8 43. Rc1 Qe5+ 44. Kh3 Qe3+ 45. Kg2 Rxc1 46. Rxc1 Qxc1 47. Kf2 a5 48. Kf3 a4 49. Kf2 Qd2+ 50. Kg3 Qe3+ 51. Kh2 a3 52. Kh1 a2 53. Kg2 a1=Q 54. Kh2 Qag1#) 1/2-1/2

[Event "CCT Julius Baer-D1 2024"]
[Site "Online"]
[Date "2024.09.28"]
[Round "51"]
[White "Vachier-Lagrave, Maxime"]
[Black "Nepomniachtchi, Ian"]
[Result "1-0"]
[ECO "C42"]
[WhiteElo "2731"]
[BlackElo "2755"]
[Annotator "TA"]
[PlyCount "65"]
[EventDate "2024.09.25"]
[EventType "swiss"]
[EventCountry "NET"]
[SourceTitle "playchess.com"]
[Source "ChessBase"]
[SourceQuality "1"]
[TimeControl "600+2"]

1. e4 e5 2. Nf3 Nf6 3. Nxe5 d6 4. Nf3 Nxe4 5. d4 d5 6. Bd3 Bd6 7. O-O O-O 8. c4 c6 9. Nc3 Nxc3 10. bxc3 dxc4 11. Bxc4 Bg4 12. Bd3 Nd7 13. Rb1 b5 14. h3 Bh5 15. g4 (15. Be4 $11) 15... Bg6 $15 16. Bxg6 hxg6 17. d5 {[%emt 0:00:01] Black has an edge.} cxd5 18. Rxb5 (18. Qxd5 Nf6 19. Qd4 a6) 18... Nb6 19. Be3 Qc7 20. Bd4 Rfe8 21. Qd3 Bf8 22. Kg2 Rad8 23. Rfb1 Re6 24. Ra5 Rd7 25. Rbb5 Qd8 26. Ra6 {[%emt 0:00:33] White is more active.} Qc8 27. Rba5 Nc4 $2 {[%emt 0:00:07][%mdl 8192] This costs Black the game.} (27... Qb8 $16) 28. Rxe6 $18 (28. Rxa7 Nxa5 29. Rxa5 Be7 $17) 28... Nxa5 {[%emt 0:00:01] [#]} 29. Ng5 $1 {[%emt 0:01:46][%cal Oe6g6] And now Rxg6! would win.} Rd6 {[%emt 0:00:29] [#]} (29... fxe6 30. Qxg6) (29... Ba3 $142 30. Qe2 (30. Qa6 Qxa6 31. Rxa6 Nc4 $16) 30... Rd8 (30... fxe6 31. Qxe6+ Kh8 32. Qxg6 Kg8 33. Bf6 Kf8 34. Ne6+ Kg8 35. Bxg7)) 30. Qg3 $1 {[%emt 0:00:53][%cal Og3h4] Intending Qh4! and mate.} Qd8 {[%emt 0:01:58] [#]} (30... f6 31. Rxd6) 31. Re8 $3 Qxe8 (31... Qe7 32. Qh4) 32. Qh4 $1 (32. Bxa7 $2 {is the wrong capture.} f6 33. Nf3 Ra6 $19) 32... Qe4+ 33. Kg3 {[%emt 0:00:20] Weighted Error Value: White=0.08 (flawless) /Black=0.81.  Loses game:     	---       	Black=1      Mistake:       	---       	Black=1      Inaccurate:     	White=1     	Black=5      OK:         	White=4     	Black=3      Best:        	White=2     	Black=1      Strong:       	White=1     	---} 1-0

[Event "CCT Julius Baer-D1 2024"]
[Site "Online"]
[Date "2024.09.28"]
[Round "51"]
[White "Fedoseev, Vladimir"]
[Black "Erigaisi Arjun"]
[Result "1/2-1/2"]
[ECO "D30"]
[WhiteElo "2692"]
[BlackElo "2778"]
[Annotator "TA"]
[PlyCount "124"]
[EventDate "2024.09.25"]
[EventType "swiss"]
[EventCountry "NET"]
[SourceTitle "playchess.com"]
[Source "ChessBase"]
[SourceQuality "1"]
[TimeControl "600+2"]

1. d4 e6 2. Nf3 d5 3. c4 c6 4. Bg5 f6 5. Bd2 f5 6. Bf4 (6. Bg5 $14 Nf6 7. e3) 6... Nf6 (6... dxc4 $11 7. e4 b5) 7. e3 $14 Ne4 8. Bd3 {[%emt 0:00:08] White is slightly better.} Nd7 9. Nc3 g5 10. Bg3 h5 11. cxd5 exd5 12. Qc2 h4 13. Be5 Rh6 14. h3 a5 (14... Nxe5 $15 15. Nxe5 Be6) 15. Bh2 a4 16. a3 Qa5 (16... Qe7 $14) 17. O-O $16 Be7 18. Ne5 Ndf6 19. f3 Nd6 20. e4 {[%emt 0:00:40] White is more active.} dxe4 21. fxe4 f4 22. Nf3 Nh5 23. e5 Nf7 24. Bg6 Be6 25. Rad1 (25. Nxh4 $1 $16 Qa7 (25... gxh4 26. Bxf4 Nxf4 27. Rxf4 $16) 26. Kh1) 25... Kf8 {[%emt 0:00:38] [#]} 26. Qe4 ({Better is} 26. d5 $1 $16 cxd5 27. Kh1) 26... Rd8 $11 27. Bf5 {[%emt 0:00:05] aiming for Bxe6.} Bb3 28. Rd2 Kg7 29. Bg4 Ng3 30. Bxg3 hxg3 31. h4 {[%emt 0:00:26] [#]} Rdh8 $1 $17 32. e6 (32. Bh3 $17 {keeps fighting.}) 32... Nd8 $2 ({Black should try} 32... Nd6 $19 33. Qe5+ Qxe5 34. dxe5 Nc4 (34... Bxe6 35. exd6 Bd8 36. Bxe6 $16)) 33. d5 $2 (33. Bh3 $15 Bxe6 (33... Nxe6 34. hxg5 Bxg5 35. d5 $11) 34. Nxg5 Bxg5 35. hxg5 Qxg5 36. Qxf4 Qxf4 37. Rxf4) 33... cxd5 (33... Qc5+ $19 34. Kh1 Qe3 (34... gxh4 $2 35. Nd4 $18)) 34. Nxd5 Bc5+ (34... Qc5+ 35. Kh1 Rxh4+ 36. Nxh4 Rxh4+ 37. Bh3 $11) (34... Bxd5 $17 35. Qxd5 (35. Rxd5 Rxh4 36. Nxh4 Qb6+ 37. Kh1 Rxh4+ 38. Bh3 Qxb2 $17) 35... Qc5+ 36. Kh1 Qxd5 (36... gxh4 $2 37. Qxc5 Bxc5 38. Rd7+ Kf6 39. Rfd1 $16) 37. Rxd5 Rxh4+ 38. Nxh4 Rxh4+ 39. Bh3 Nc6 (39... Nxe6 40. Re1 $11)) 35. Kh1 $1 $11 {[%emt 0:00:05] Hoping for Qe5+. Dancing on a razor blade.} (35. Rd4 $2 Nc6 (35... Bxd4+ 36. Qxd4+ Kf8 37. e7+ Ke8 38. Nxf4 $18) 36. h5 (36. Qf5 $2 Rf8 $19) 36... Bxd4+ (36... Bxd5 $2 37. Qf5 $19) 37. Nxd4 Qc5 (37... Qxd5 $2 38. Nf5+ Kf6 39. Nxg3 $19) (37... Bxd5 38. Qf5 $19) 38. Nxf4 Qxd4+ $19 (38... Nxd4 $2 39. Qxb7+ Kf6 40. Qf7+ Ke5 41. Nd3+ Kd5 42. e7+ Re6 43. Bxe6+ Nxe6+ 44. Nxc5 $18) (38... gxf4 $2 39. Rxf4 Rc8 40. Qd3 $19)) 35... Nxe6 $2 36. Qe5+ (36. Bxe6 Rxh4+ 37. Bh3 Rxh3+ 38. gxh3 Rxh3+ $11) 36... Kf8 37. Qb8+ $2 (37. Bxe6 Rxh4+ 38. Nxh4 (38. Bh3 Rxh3+ 39. gxh3 Rxh3+ 40. Nh2 Qxd2 $11) 38... Rxh4+ 39. Bh3 Rxh3+ (39... Qxd2 $2 40. Qf6+ Kg8 41. Qxg5+ Kf8 42. Qxh4 $18) 40. gxh3 Qxd2 41. Qf5+ Ke8 42. Qc8+ Kf7 43. Qf5+ Ke8 44. Qc8+ Kf7 45. Qf5+ Ke8 $11) ({White has to play} 37. Nxg5 $18 Rxh4+ 38. Nh3) 37... Qd8 $15 38. Qxd8+ (38. Qe5 $17 Bd4 39. Nxf4 (39. Nxd4 $2 {is the wrong capture.} Rxh4+ 40. Bh3 Rxh3+ 41. gxh3 Qxd5+ 42. Nf3 Rxh3+ 43. Kg1 Qxe5 $19) 39... Bxe5 (39... gxf4 40. Nxd4 Rxh4+ 41. Bh3 $11) 40. Nxe6+ Bxe6 41. Rxd8+ Ke7 42. Rxh8 Bxh8 43. Bxe6 Rxe6 44. Nxg5) 38... Nxd8 $19 39. Nxg5 Rxh4+ 40. Bh3 Bf2 {[%emt 0:00:05] This pair of bishops is nice.} 41. Nf3 Rxh3+ ({Black should play} 41... Ne6 $19 {...R4h6 would now be deadly.} 42. Nc3 Rg4 43. Rdxf2 gxf2 44. Rxf2 Ke7) 42. gxh3 $11 {[%emt 0:00:01] The position is equal.} Ne6 (42... Rxh3+ 43. Kg2 Rh6 (43... Bc4 $2 44. Rc1 $18) 44. Nxf4) 43. Kg2 Rh5 44. Nf6 Rb5 45. Rfxf2 gxf2 46. Kxf2 Ke7 47. Ne4 Rh5 48. h4 Bd5 49. Neg5 Nxg5 50. hxg5 {[%emt 0:00:01][%mdl 4096] Endgame. KRB-KRN} Bc6 51. Rd4 b5 52. Rxf4 Bxf3 53. Rxf3 Rxg5 {[%emt 0:00:02] KR-KR} 54. b3 b4 55. bxa4 bxa3 56. Rxa3 Kd6 57. a5 Kc7 58. a6 {[%emt 0:00:01] White wants to mate with a7.} Kb8 59. a7+ Ka8 60. Ke2 Rg7 61. Kd2 Rxa7 62. Rxa7+ Kxa7 {[%emt 0:00:00] White used his chance.   Weighted Error Value: White=0.31/Black=0.32.  Loses game:     	White=1     	Black=1      Missed win:     	---       	Black=2      Mistake:       	White=4     	Black=5      Inaccurate:     	White=2     	Black=2      OK:         	White=15    	Black=24     Best:        	White=3     	Black=3      Strong:       	White=1     	Black=1} 1/2-1/2